 Dungeon Crawl Stone Soup version 0.17.1-3-g152610e (webtiles) character file.

137 dearth the Sneak (level 5, -1/24 HPs)
             Began as a Spriggan Enchanter on Feb 26, 2016.
             Slain by an orc
             ... wielding a +0 club
              (7 damage)
             ... on level 3 of the Dungeon.
             The game lasted 00:07:31 (2540 turns).

dearth the Sneak (Spriggan Enchanter)               Turns: 2540, Time: 00:07:32

Health: -1/24      AC:  2    Str:  4    XL:     5   Next: 0%
Magic:  9/11       EV: 19    Int: 17    God:
Gold:   98         SH:  0    Dex: 17    Spells: 3 memorised, 4 levels left

rFire  . . .     SeeInvis +     a - +1 dagger
rCold  . . .     Clarity  .     o - +0 robe (curse)
rNeg   . . .     SustAt   .     (shield restricted)
rPois  +         Gourm    .     (helmet restricted)
rElec  .         Spirit   .     (no cloak)
rCorr  .         Warding  .     (gloves unavailable)
rMut   .         Stasis   .     (boots unavailable)
MR     .....                    (no amulet)
Stlth  ++++......               q - ring of flight
                                i - ring of poison resistance

@: very quick, not resistant to hostile enchantments, stealthy
A: unfitting armour, see invisible, herbivore 3, speed 3, slow metabolism 2
a: Evoke Flight


You were on level 3 of the Dungeon.
You were not hungry.

You visited 1 branch of the dungeon, and saw 3 of its levels.

You collected 98 gold pieces.

Inventory:

Hand Weapons
 a - a +1 dagger (weapon)
Missiles
 e - 63 stones
 r - 5 tomahawks (quivered)
Armour
 b - a +1 robe
 o - a cursed +0 robe (worn)
Jewellery
 i - a ring of poison resistance (left hand)
 q - a ring of flight (right hand)
Wands
 m - a wand of heal wounds (1)
Scrolls
 f - a scroll of amnesia {unknown}
 g - a scroll of remove curse {unknown}
 l - a scroll of fear {unknown}
 p - 2 scrolls of random uselessness {unknown}
Potions
 h - a potion of cancellation {unknown}
 j - a potion of heal wounds {unknown}
 k - a potion of haste {unknown}
 n - a potion of flight {unknown}
Books
 c - a book of Maledictions

   Spells                             Type                      Level
   a - Corona                         Hexes                        1
   b - Ensorcelled Hibernation        Hexes/Ice                    2
   c - Confuse                        Hexes                        3
   d - Tukima's Dance                 Hexes                        3
   e - Dazzling Spray                 Conjuration/Hexes            3
Comestibles
 d - a bread ration


   Skills:
 + Level 2.4 Short Blades
 + Level 4.1 Dodging
 + Level 5.5 Stealth
 + Level 3.4 Spellcasting
 + Level 4.4 Hexes
 + Level 1.3 Evocations


You had 4 spell levels left.
You knew the following spells:

 Your Spells              Type           Power        Failure   Level  Hunger
a - Corona                Hex            ###....      2%          1    None
b - Ensorcelled Hibernat  Hex/Ice        ##....       12%         2    ##.....
c - Confuse               Hex            ###.....     10%         3    ###....


Dungeon Overview and Level Annotations

Branches:
Dungeon (3/15)

Altars:
Kikubaaqudgha
Vehumet


Innate Abilities, Weirdness & Mutations

You are tiny and cannot use many weapons and most armour.
You have supernaturally acute eyesight.
You are a herbivore.
You cover ground extremely quickly.
You need consume almost no food.


Message History

Quivering
r - 5 tomahawks for throwing.
Items here: )) [ † a dagger; a robe; a club; a hobgoblin corpse You start resting.
An orc comes into view. It is wielding a club.
The orc shouts!
You hit the orc but do no damage. The orc misses you.
You hit the orc but do no damage. The orc hits you with a club.
* * * LOW HITPOINT WARNING * * *
You hit the orc but do no damage. You hit the orc.
The orc is lightly wounded.
The orc barely misses you.
You hit the orc but do no damage.
The orc is lightly wounded.
The orc completely misses you.
You hit the orc but do no damage.
The orc is lightly wounded.
The orc hits you with a club!
You die...

##.#.# #.. #..#.#
#.† #.##†# #..
#.##.# #####..
#.##.# #......
#.##.# #.#####
#)##.# #
###.##)#######.#####
#.o@.).)...... .....
#.#.##.####### ##.#.
#.#.##.# ##....
#....#.. ..#.....
#..#.#### #......l
...#.. #.#.....
#.#####. #....... #.
. #.#..... # .
........


You could see an orc.

Vanquished Creatures
  Ijyb (D:2)
  An orc wizard (D:3)
  3 gnolls
  2 giant geckos (D:1)
  3 orcs (D:3)
  A ball python (D:1)
  5 goblins
  4 hobgoblins
  10 jackals (D:1)
  5 bats
  2 giant cockroaches
  5 giant newts
  3 kobolds (D:1)
  6 rats
51 creatures vanquished.

Notes
Turn   | Place    | Note
--------------------------------------------------------------
     0 | D:1      | dearth the Spriggan Enchanter began the quest for the Orb.
     0 | D:1      | Reached XP level 1. HP: 9/9 MP: 5/5
   223 | D:1      | Reached XP level 2. HP: 13/13 MP: 6/6
   642 | D:1      | Reached XP level 3. HP: 14/16 MP: 8/8
   974 | D:2      | Noticed Ijyb
  1020 | D:2      | Killed Ijyb
  1020 | D:2      | Reached skill level 5 in Stealth
  1248 | D:2      | Reached skill level 1 in Evocations
  1489 | D:3      | Reached XP level 4. HP: 21/21 MP: 9/9
  1553 | D:3      | Found a radiant altar of Vehumet.
  1554 | D:3      | Found an ancient bone altar of Kikubaaqudgha.
  1650 | D:3      | Learned a level 2 spell: Ensorcelled Hibernation
  1654 | D:3      | Learned a level 3 spell: Confuse
  2461 | D:3      | HP: 1/21 [hobgoblin/club (4)]
  2498 | D:3      | Reached XP level 5. HP: 5/24 MP: 5/11
  2540 | D:3      | Slain by an orc

Action                   |  1- 3 |  4- 6 || total
-------------------------+-------+-------++-------
Melee: Dagger            |   136 |    60 ||   196
 Cast: Ensorcelled Hiber |       |    15 ||    15
Evoke: Wand              |       |     1 ||     1
 Stab: Sleeping          |    10 |     8 ||    18
